 Dungeon Crawl Stone Soup version 0.22.0-38-g04b72b8c25 (webtiles) character file.

22 MirrMurr the Poker (level 2, 0/22 HPs)
             Began as a Demonspawn Gladiator on Aug 28, 2018.
             Succumbed to an adder's poison
             ... on level 1 of the Dungeon.
             The game lasted 00:02:02 (689 turns).

MirrMurr the Poker (Demonspawn Gladiator)            Turns: 689, Time: 00:02:03

Health: 0/22       AC:  4    Str: 14    XL:     2   Next: 68%
Magic:  2/2        EV: 13    Int:  9    God:
Gold:   43         SH:  0    Dex: 14    Spells: 1/1 levels left

rFire    . . .     SeeInvis .   a - +0 trident
rCold    . . .     Gourm    .   (no shield)
rNeg     . . .     Faith    .   b - +0 leather armour
rPois    .         Spirit   .   c - +0 helmet
rElec    .         Reflect  .   (no cloak)
rCorr    .         Harm     .   (no gloves)
MR       .....                  (no boots)
Stlth    +.........             (no amulet)
HPRegen  0.07/turn              (no ring)
MPRegen  0.08/turn              (no ring)

@: lethally poisoned (0 -> -3), flying
A: demonic guardian 1
a: no special abilities


You were on level 1 of the Dungeon.
You were not hungry.

You visited 1 branch of the dungeon, and saw 2 of its levels.

You collected 43 gold pieces.

Inventory:

Hand Weapons
 a - a +0 trident (weapon)
 g - a +0 hunting sling
 o - a +0 hunting sling
Missiles
 d - 3 throwing nets {!f}
 e - 11 stones (quivered)
 i - 10 poisoned needles
 n - 23 sling bullets
Armour
 b - a +0 leather armour (worn)
 c - a +0 helmet (worn)
Jewellery
 j - an uncursed ring of positive energy {unknown}
Scrolls
 h - a scroll of remove curse {unknown}
 l - a scroll of identify {unknown}
 m - a scroll of blinking {unknown}
Comestibles
 f - a ration


   Skills:
 + Level 2.2 Fighting
 * Level 3.1 Polearms
 - Level 1.7 Throwing
 + Level 0.7 Armour
 + Level 2.9 Dodging


You had one spell level left.
You didn't know any spells.
Your spell library was empty.

Dungeon Overview and Level Annotations

Branches:
Dungeon (2/15)

Altars:


Innate Abilities, Weirdness & Mutations

A weak demonic guardian rushes to your aid.


Message History

The adder is heavily wounded.
* * * LOW HITPOINT WARNING * * *
You feel sick. The adder closely misses you. The adder misses you.
You puncture the adder!
You kill the adder!
It was a potion of flight.
You feel very buoyant.
You fly up into the air.
* * * LOW HITPOINT WARNING * * *
You feel sick.
There is a lethal amount of poison in your body!
There is a lethal amount of poison in your body!
There is a lethal amount of poison in your body!
There is a lethal amount of poison in your body!
There is a lethal amount of poison in your body!
* * * LOW HITPOINT WARNING * * *
You feel sick.
* * * LOW HITPOINT WARNING * * *
You feel sick.
You die...

###.#####.#.###.## #......#
#.# # ##.###.###.#.#.#
##..###.# #.# ##.#.##
##.#### #...# #.# #.# ##.##
### #...# #.# #.# ### #...#
#.# #.# ###############...#
#.# #.#
#............##...###.###.#
#####.######.##...#.....#.#
#.....>@......#.#.#.#.#
########.##...........#
######.##.###.#.#.###
############...##.##.#
#.....#
...............##.##.#
###.###
############.........# #.#
# #.......### #.# #
#...#...# #.#
############...##### #.#


There were no monsters in sight!

Vanquished Creatures
  An adder (D:1)
  A giant cockroach (D:1)
  A hobgoblin (D:1)
  A bat (D:1)
  A goblin (D:1)
  4 kobolds (D:1)
  3 rats (D:1)
12 creatures vanquished.

Vanquished Creatures (collateral kills)
  A kobold (D:2)
  A ball python (D:2)
  A frilled lizard (D:2)
3 creatures vanquished.

Grand Total: 15 creatures vanquished

Notes
Turn   | Place    | Note
-------+----------+-------------------------------------------
     0 | D:1      | MirrMurr the Demonspawn Gladiator began the quest for the Orb.
     0 | D:1      | Reached XP level 1. HP: 16/16 MP: 1/1
   398 | D:1      | Gained mutation: A weak demonic guardian rushes to your aid. [demonic ancestry]
   398 | D:1      | Reached XP level 2. HP: 22/22 MP: 2/2
   661 | D:2      | Reached skill level 3 in Polearms
   685 | D:1      | HP: 1/22 [poisoned by an adder]
   689 | D:1      | Succumbed to an adder's poison

Skill      XL: |  1  2 |
---------------+-------+-----
Polearms       | 3 |  3.1
Fighting       | |  2.2
Throwing       | |  1.7
Armour         | |  0.7
Dodging        | |  2.9

Action                   || total
-------------------------++-------
Melee: Trident           ||    49
  Use: Potion            ||     1
 Stab: Sleeping          ||     2
Armor: Leather armour    ||    13
Dodge: Dodged            ||    35
